 Dungeon Crawl Stone Soup version 0.32-a0-520-g344ed53f66 (webtiles) character file.

Game seed: 1310953261536876269

95 retardedninja the Trooper (level 4, -7/41 HPs)
             Began as a Mountain Dwarf Fighter on Feb 27, 2024.
             Splashed by a jelly's acid (10 damage)
             ... on level 3 of the Dungeon.
             The game lasted 00:02:24 (2103 turns).

retardedninja the Trooper (Mountain Dwarf Fighter)  Turns: 2103, Time: 00:02:25

Health: -7/41      AC: -4    Str: 20    XL:     4   Next: 39%
Magic:  4/4        EV:  9    Int:  9    God:
Gold:   55         SH:  4    Dex:  9    Spells: 3/3 levels left

rFire   . . .        a - +0 war axe
rCold   . . .        c - +0 buckler
rNeg    . . .        b - +0 scale mail
rPois   .            (no helmet)
rElec   .            (no cloak)
rCorr   .            (no gloves)
SInv    .            (no boots)
Will    .....        (no amulet) Stlth
                     (no ring)
HPRegen 0.26/turn    (no ring)
MPRegen 0.09/turn

%: no passive effects
@: mighty, corroded, attractive
A: runic magic, artefact enchanting
a: no special abilities


You were on level 3 of the Dungeon.
You visited 1 branch of the dungeon, and saw 3 of its levels.

You collected 55 gold pieces.

Inventory:

Hand Weapons
 a - a +0 war axe (weapon)
Armour
 b - a +0 scale mail (worn)
 c - a +0 buckler (worn)
Scrolls
 f - a scroll of revelation {unknown}
 h - 2 scrolls of immolation {unknown}
 i - a scroll of noise {unknown}
 j - 2 scrolls of amnesia {unknown}
 k - a scroll of fear {unknown}
 l - 3 scrolls of identify {unknown}
 n - a scroll of blinking {unknown}
Potions
 d - 4 potions of might
 e - a potion of resistance {unknown}
 g - a potion of attraction
 o - a potion of magic {unknown}


   Skills:
 * Level 4.3 Fighting
 * Level 3.9 Axes
 + Level 3.7 Armour
 + Level 3.7 Shields


You had 3 spell levels left.
You didn't know any spells.
Your spell library was empty.

Dungeon Overview and Level Annotations

Branches:
Dungeon (3/15)

Altars:

Shops:
D:1 [((


Innate Abilities, Weirdness & Mutations

Your spellcasting is much less encumbered by armour.
You can use scrolls of enchantment on lesser artefacts.


Message History

The acid corrodes you!
You are splashed with acid.
* * * LOW HITPOINT WARNING * * *
You are too injured to fight recklessly!
You are too injured to fight recklessly!
You are too injured to fight recklessly!
You are too injured to fight recklessly!
You are too injured to fight recklessly!
You are too injured to fight recklessly!
You are too injured to fight recklessly!
You are too injured to fight recklessly!
You are too injured to fight recklessly!
You are too injured to fight recklessly!
You are too injured to fight recklessly!
You are too injured to fight recklessly!
You are too injured to fight recklessly!
You are too injured to fight recklessly!
You are too injured to fight recklessly!
You are too injured to fight recklessly!
You are too injured to fight recklessly!
You are too injured to fight recklessly!
You are too injured to fight recklessly!
You are too injured to fight recklessly!
It was a potion of attraction.
You feel attractive to monsters. The jelly barely misses you.
You feel very mighty all of a sudden. The jelly hits you.
* * * LOW HITPOINT WARNING * * *
You are splashed with acid.
* * * LOW HITPOINT WARNING * * *
It was a potion of curing.
You feel better. The jelly barely misses you.
You feel better. The jelly hits you. The acid corrodes you!
You are splashed with acid!
* * * LOW HITPOINT WARNING * * *
You barely miss the jelly.
The jelly is moderately wounded.
The jelly hits you.
* * * LOW HITPOINT WARNING * * *
The acid corrodes you!
You are splashed with acid!
You die...

#.#.# ##...## ###.
#...# ##+## #.###.# .#
#.....##########.#
#####.##<......#.######
#........#####.........
#.###.#..# #.......
#....## ##..J.###..
#.#####..#.#.#.@......#
#........##.##.##.#####
########....)..# #
#########


You could see a jelly.

Vanquished Creatures
  3 adders (D:2)
  10 dart slugs
  3 ball pythons
  6 endoplasms
  2 giant cockroaches
  3 goblins
  7 hobgoblins
  2 quokkas (D:1)
  A bat (D:1)
  5 frilled lizards (D:1)
  4 kobolds
  2 rats
48 creatures vanquished.

Notes
Turn   | Place    | Note
-------+----------+-------------------------------------------
     0 | D:1      | retardedninja the Mountain Dwarf Fighter began the quest
                  | for the Orb.
     0 | D:1      | Reached XP level 1. HP: 19/19 MP: 1/1
    14 | D:1      | Found Vorakhli's Weapon Emporium.
    64 | D:1      | Reached XP level 2. HP: 20/26 MP: 2/2
   373 | D:1      | Found Wilam's Weapon Shop.
   600 | D:1      | Found Ziuwamp's Armour Boutique.
   682 | D:2      | Reached XP level 3. HP: 24/33 MP: 3/3
   890 | D:2      | Reached skill level 4 in Fighting
  1475 | D:2      | Reached XP level 4. HP: 39/40 MP: 4/4
  2103 | D:3      | Splashed by a jelly's acid

Illustrated notes

Levels and vault maps discovered:
D:1:      saegor_arrival_simple_a, layout_rooms, serial_shops,
          nicolae_shop_pleasant_corner_grove, shop, shop, minivault_11
D:2:      layout_loops_corners
D:3:      kennysheep_slugbush, layout_loops_corners,
          shapermc_ecumenical_altar_hornbeckon, chequers_serial_rivers_micro_e,
          uniq_sigmund, uniq_grinder

Skill      XL: |  1  2  3 |
---------------+----------+-----
Axes           | 3 |  3.9
Fighting       | 4 |  4.3
Armour         | |  3.7
Shields        | |  3.7

Action                     |  1- 3 |  4- 6 || total
---------------------------+-------+-------++-------
  Melee: War axe           |   109 |    34 ||   143
    Use: Potion            |       |     4 ||     4
 Armour: Scale mail        |    76 |    33 ||   109
  Dodge: Dodged            |    49 |    11 ||    60
         Repelled          |       |     7 ||     7
  Block: Buckler           |    22 |     6 ||    28

Table legend: (Time is in decaauts)
 A = Elapsed time spent in this place.
 B = Non-inter-level travel time spent in this place.
 C = Inter-level travel time spent in this place.
 D = Time resting spent in this place.
 E = Time spent auto-exploring this place.
 F = Levels seen in this place.
 G = Mean time per level.
                   A        B        C        D        E       F      G
               +--------+--------+--------+--------+--------+-----+--------+
         Total |   2172 |   2162 |     10 |    251 |   1484 |   3 |  724.0 |
       Dungeon |   2172 |   2162 |     10 |    251 |   1484 |   3 |  724.0 |
               +--------+--------+--------+--------+--------+-----+--------+

Top non-repeatable levels by time:
     D:2: 917 daAuts
     D:1: 665 daAuts
     D:3: 589 daAuts
